 Dungeon Crawl Stone Soup version 0.31-a0-240-gb923e448b6 (webtiles) character file.

Game seed: 17545361811796070426

1 British0li the Sneak (level 1, -3/18 HPs)
             Began as a Demonspawn Delver on July 11, 2023.
             Slain by Eustachio
             ... wielding a +2 rapier of electrocution
              (9 damage)
             ... on level 5 of the Dungeon.
             The game lasted 00:01:25 (216 turns).

British0li the Sneak (Demonspawn Delver)             Turns: 216, Time: 00:01:26

Health: -3/18      AC:  3    Str: 12    XL:     1   Next: 16%
Magic:  1/1        EV: 11    Int: 11    God:
Gold:   59         SH:  0    Dex: 14    Spells: 0/0 levels left

rFire   . . .        a - +0 falchion
rCold   . . .        (no shield)
rNeg    . . .        b - +0 leather armour
rPois   .            (no helmet)
rElec   .            (no cloak)
rCorr   .            (no gloves)
SInv    .            (no boots)
Will    .....        (no amulet)
Stlth   ++           (no ring)
HPRegen 0.23/turn    (no ring)
MPRegen 0.07/turn

%: no passive effects
@: no status effects
A: no striking features
a: no special abilities


You were on level 5 of the Dungeon.
You visited 1 branch of the dungeon, and saw 1 of its levels.

You collected 59 gold pieces.

Inventory:

Hand Weapons
 a - a +0 falchion (weapon)
Armour
 b - a +0 leather armour (worn)
 d - the +0 chain mail of Sif Muna's Vengeance {Contam Rampage rPois Will++}
   (You found it on level 5 of the Dungeon)

   rPois:     It protects you from poison.
   Contam:    It causes magical contamination when unequipped.
   Rampage:   It bestows one free step when moving towards enemies.
   Will:      It greatly increases your willpower.
Wands
 g - a wand of digging (3)
Scrolls
 c - a scroll of fog
 e - a scroll of fear
Potions
 f - a potion of haste


   Skills:
 + Level 3.0 Fighting
 + Level 1.8 Long Blades
 + Level 0.0 Armour
 + Level 1.8 Dodging
 - Level 4.5 Stealth


You couldn't memorise any spells.
You didn't know any spells.
Your spell library was empty.

Dungeon Overview and Level Annotations

Branches:
Dungeon (5/15)
 Temple: D:4-7

Altars:

Shops:
D:5 **

Annotations:
D:5 Eustachio


Message History

You feel aware of your surroundings.
You sensed 1 altar.
You now have 59 gold pieces (gained 10).
(D) Dungeon
Where to? (Enter - D:5 @ (x,y), ? - help)
Found 7 stones.
Found a stone staircase leading up.
A hound comes into view.
Found a twisted chain mail.
The hound barks!
You hear a shout!
Eustachio the Magnificent comes into view.
He is wielding a +2 rapier of electrocution.
Eustachio casts a spell.
Eustachio mumbles some strange words.
Eustachio blinks!
Found an escape hatch in the floor.
An adder comes into view.
The shadow imp disappears in a puff of smoke!
You see here the +0 chain mail of Sif Muna's Vengeance {Contam Rampage rPois Will++}.
d - the +0 chain mail of Sif Muna's Vengeance {Contam Rampage rPois Will++}
Found a stone staircase leading up.
Eustachio casts a spell.
Eustachio casts a spell.
Eustachio blinks!
A scorpion comes into view.
Eustachio casts a spell.
Eustachio blinks!
The bat closely misses you. The bat closely misses you. x2
The adder bites you. Eustachio attacks as you move away!
Eustachio hits you with a +2 rapier of electrocution!
Ouch! That really hurt!
The adder barely misses you. The adder bites you.
* * * LOW HITPOINT WARNING * * *
The bat hits you but does no damage. The bat attacks as you move away!
The bat hits you but does no damage. x2
There is a stone staircase leading up here.
The bat closely misses you. The adder bites you but does no damage.
Eustachio hits you with a +2 rapier of electrocution!
Ouch! That really hurt!
You die...

****,**,#............#.,*
*,,*..............#***
**,.............###
**####......r..#
*********#......r...#
,,,,,,,,,...........#
*********#..........#
#.....@bS..# #......@...#
##........## ##.....s##
########


You could see Eustachio, a scorpion (asleep), an adder, a quokka (summoned), a
bat (summoned) and a rat (summoned).

Vanquished Creatures
  A quokka (D:5)
1 creature vanquished.

Notes
Turn   | Place    | Note
-------+----------+-------------------------------------------
     0 | D:5      | British0li the Demonspawn Delver began the quest for the
                  | Orb.
     0 | D:5      | Reached XP level 1. HP: 18/18 MP: 1/1
    32 | D:5      | Found Hudiudo's Specific Store.
    36 | D:5      | Found Jatann's General Store.
    92 | D:5      | Noticed a howler monkey
   179 | D:5      | Noticed a hound
   179 | D:5      | Noticed Eustachio
   206 | D:5      | Identified the +0 chain mail of Sif Muna's Vengeance
                  | {Contam Rampage rPois Will++}
   210 | D:5      | Noticed a scorpion
   216 | D:5      | Slain by Eustachio

Illustrated notes

Levels and vault maps discovered:
D:5:      layout_rooms, fedhas_altar_decomposition, nicolae_specific_store,
          uniq_eustachio

Action                     || total
---------------------------++-------
  Melee: Falchion          ||     2
    Use: Scroll            ||     1
   Stab: Sleeping          ||     1
 Armour: Leather armour    ||     5
  Dodge: Dodged            ||     5

Table legend: (Time is in decaauts)
 A = Elapsed time spent in this place.
 B = Non-inter-level travel time spent in this place.
 C = Inter-level travel time spent in this place.
 D = Time resting spent in this place.
 E = Time spent auto-exploring this place.
 F = Levels seen in this place.
 G = Mean time per level.
                   A        B        C        D        E       F      G
               +--------+--------+--------+--------+--------+-----+--------+
         Total |    216 |    195 |     21 |      0 |     85 |   1 |  216.0 |
       Dungeon |    216 |    195 |     21 |      0 |     85 |   1 |  216.0 |
               +--------+--------+--------+--------+--------+-----+--------+

Top non-repeatable levels by time:
     D:5: 216 daAuts
